 Dungeon Crawl Stone Soup version 0.22-a0-254-gaf95ca0 (webtiles) character file.

25974 RoseArtemis the Severer (level 12, -3/115 HPs)
             Began as a Minotaur Fighter on Mar 5, 2018.
             Was the Champion of Okawaru.
             Slain by a harpy (7 damage)
             ... summoned by Kirke
             ... on level 4 of the Lair of Beasts.
             The game lasted 00:37:13 (15233 turns).

RoseArtemis the Severer (Minotaur Fighter)         Turns: 15233, Time: 00:37:14

Health: -3/115     AC: 15    Str: 24    XL:     12   Next: 94%
Magic:  0/11       EV: 10    Int:  5    God:    Okawaru [******]
Gold:   734        SH: 13    Dex: 12    Spells: 11/11 levels left

rFire    . . .     SeeInvis .   b - +6 hand axe (venom)
rCold    . . .     Gourm    .   c - +0 shield
rNeg     . . .     Faith    .   B - +5 ring mail {rPois}
rPois    +         Spirit   +   (helmet restricted)
rElec    .         Reflect  .   (no cloak)
rCorr    .         Harm     .   w - +0 pair of gloves
MR       .....                  q - +2 pair of boots
Stlth    ++........             n - amulet of guardian spirit
HPRegen  0.29/turn              g - ring of stealth
MPRegen  0.12/turn              (no ring)

@: about to teleport
A: retaliatory headbutt, horns 2
a: Heroism, Finesse, Renounce Religion


You were on level 4 of the Lair of Beasts.
You worshipped Okawaru.
Okawaru was exalted by your worship.
You were very hungry.

You visited 2 branches of the dungeon, and saw 14 of its levels.

You collected 829 gold pieces.
You spent 95 gold pieces at shops.

Inventory:

Hand Weapons
 a - a +0 war axe
 b - a +6 hand axe of venom (weapon)
 H - a +2 war axe of freezing
 K - a +2 antimagic battleaxe
 N - the +7 quick blade "Ogreslayer" {pain, Dex+5}
   (You found it on level 10 of the Dungeon)

   In the hands of one skilled in necromantic magic, it inflicts extra damage on
   living creatures.
   It affects your dexterity (+5).
 O - a +0 hunting sling
Missiles
 G - 55 sling bullets
Armour
 c - a +0 shield (worn)
 p - a +0 plate armour
 q - a +2 pair of boots (worn)
 w - a +0 pair of gloves (worn)
 B - a +5 ring mail of poison resistance (worn)
 F - a +0 scale mail
Jewellery
 g - a ring of stealth (left hand)
 n - an amulet of guardian spirit (around neck)
Wands
 k - a wand of paralysis (15)
 m - a wand of acid (4)
 t - a wand of scattershot (10)
 A - a wand of iceblast (17)
 Q - a wand of disintegration (12)
Scrolls
 d - 4 scrolls of blinking {unknown}
 i - a scroll of fear
 l - 2 scrolls of magic mapping
 r - 6 scrolls of remove curse
 u - a scroll of amnesia {unknown}
 y - 2 scrolls of immolation {unknown}
 z - 5 scrolls of teleportation
 C - 2 scrolls of enchant weapon {unknown}
 E - a scroll of noise {unknown}
 L - 2 scrolls of enchant armour
 M - a scroll of fog {unknown}
 R - a scroll of identify
Potions
 e - a potion of curing
 h - a potion of brilliance
 j - 2 potions of flight
 o - a potion of agility
 s - a potion of lignification {unknown}
 v - a potion of invisibility {unknown}
 x - 2 potions of haste {unknown}
 D - a potion of magic
 I - 5 potions of cancellation
 J - a potion of ambrosia {unknown}
Comestibles
 f - 23 rations


   Skills:
 + Level 13.1 Fighting
 - Level 8.0 Short Blades
 + Level 15.5 Axes
 - Level 6.0 Armour
 + Level 13.1 Shields


You had 11 spell levels left.
You didn't know any spells.

Dungeon Overview and Level Annotations

Branches:
Dungeon (10/15)            Temple (0/1) D:7            Lair (4/6) D:10
 Shoals (0/4) Lair:2        Snake (0/4) Lair:2          Orc (0/2) D:10

Altars:
Cheibriados
Elyvilon
Fedhas
Hepliaklqana
Kikubaaqudgha
Makhleb
Nemelex Xobeh
Okawaru
Qazlal
Ru
Sif Muna
Trog
Uskayaw
The Shining One

Shops:
D:4 *   D:6 *

Annotations:
D:3 1 exclusion
Lair:4 Kirke


Innate Abilities, Weirdness & Mutations

You reflexively headbutt those who attack you in melee.
You have a pair of horns on your head.


Message History

You block the harpy's attack. The harpy claws you.
* * * LOW HITPOINT WARNING * * *
The harpy closely misses you. You block the harpy's attack.
You feel better.
The harpy screeches! x2
You block the harpy's attack. x2; The harpy claws you but does no damage. x2
The harpy claws you.
* * * LOW HITPOINT WARNING * * *
The harpy closely misses you.
You feel yourself speed up. The harpy claws you but does no damage.
You block the harpy's attack. x3
Okay, then.
As you read the scroll of teleportation, it crumbles to dust.
You feel strangely unstable.
The harpy screeches!
You block the harpy's attack. The harpy claws you but does no damage.
The harpy claws you!
* * * LOW HITPOINT WARNING * * *
You block the harpy's attack. x2; The harpy claws you!
You die...

#...........#
#....†.....#
#......# ###....#
#....# ##.)## ###
#....####.#### ###
#.#.....HH#..###.##
##..#..h@H@.......#
#.####S######.##.##
P.. ### ##......##
P..) #......).##
#....# #.†.......#
#..## #.........#
####..# #.........#
P#....
####.........#
.#..#
#.#..........#


You could see Kirke, 3 harpies, a hog and a water moccasin.

Vanquished Creatures
  Nessos (Lair:4)
  Josephine (Lair:4)
  Harold (Lair:1)
  3 hydras
  3 two-headed ogres
  A manticore (Lair:2)
  Joseph (D:8)
  A black mamba (Lair:2)
  Maurice (D:10)
  7 spiny frogs
  4 komodo dragons
  Prince Ribbit (D:9)
  7 hippogriffs
  6 wraiths
  31 yaks
  5 hogs
  A basilisk (Lair:2)
  The ghost of RoseArtemis the Covered, an amateur MiFi (D:3)
  A human (D:8)
  3 hungry ghosts
  A naga (Lair:2)
  6 water moccasins
  12 porcupines
  3 phantoms
  An ice beast (D:6)
  An orc warrior (D:2)
  A necrophage (D:9)
  3 ogres
  9 wolves
  2 centaurs
  A sky beast (D:10)
  3 big kobolds
  4 crocodiles
  10 bullfrogs
  A wyvern zombie (D:6)
  A scorpion (D:4)
  5 killer bees (D:9)
  A wight (D:8)
  A howler monkey (D:8)
  4 crimson imps
  A bullfrog zombie (D:5)
  4 human zombies (D:8)
  2 jellies
  A gnoll shaman (D:4)
  3 hounds
  2 orc priests
  4 bullfrog skeletons
  6 iguanas
  10 orc wizards
  Natasha (D:2)
  8 worker ants
  A killer bee zombie (D:10)
  A hound zombie (D:5)
  5 mummies (D:8)
  3 worker ant zombies
  10 gnolls
  12 adders
  5 oozes (D:1)
  2 adder zombies
  2 adder skeletons
  6 worms
  3 dart slugs
  6 leopard geckos
  25 orcs
  15 bats
  10 giant cockroaches
  7 hobgoblins
  7 jackals
  4 quokkas
  4 ball pythons
  3 frilled lizards
  5 goblins
  19 kobolds
  A quokka zombie (D:8)
  9 rats
  A fungus (Lair:4)
  A plant (Lair:2)
359 creatures vanquished.

Vanquished Creatures (others)
  27 fungi
  7 plants
34 creatures vanquished.

Grand Total: 393 creatures vanquished

Notes
Turn   | Place    | Note
-------+----------+-------------------------------------------
     0 | D:1      | RoseArtemis the Minotaur Fighter began the quest for the Orb.
     0 | D:1      | Reached XP level 1. HP: 19/19 MP: 0/0
     1 | D:1      | Found a runed door.
    15 | D:1      | Reached XP level 2. HP: 27/27 MP: 1/1
    42 | D:1      | Reached skill level 3 in Axes
   564 | D:1      | Reached XP level 3. HP: 28/33 MP: 2/2
   970 | D:1      | Reached XP level 4. HP: 27/40 MP: 3/3
  1314 | D:2      | Noticed an orc warrior
  1328 | D:2      | Reached skill level 4 in Axes
  1338 | D:2      | Killed an orc warrior
  1338 | D:2      | Reached XP level 5. HP: 16/47 MP: 4/4
  1341 | D:2      | Reached skill level 5 in Axes
  1581 | D:2      | Found a bloodstained altar of Trog.
  1709 | D:2      | Reached XP level 6. HP: 26/55 MP: 5/5
  2252 | D:2      | Noticed Natasha
  2264 | D:2      | Killed Natasha
  2264 | D:2      | Reached skill level 5 in Armour
  2405 | D:3      | Found a snail-covered altar of Cheibriados.
  2489 | D:3      | Reached skill level 5 in Fighting
  2489 | D:3      | Reached skill level 5 in Shields
  2490 | D:3      | Noticed RoseArtemis's ghost (amateur MiFi)
  2505 | D:3      | Killed RoseArtemis's ghost
  2505 | D:3      | Reached skill level 6 in Axes
  2520 | D:3      | HP: 2/56 [poisoned by RoseArtemis's ghost]
  2526 | D:3      | HP: 1/56 [poisoned by RoseArtemis's ghost]
  2534 | D:3      | HP: 1/56 [poisoned by RoseArtemis's ghost]
  2886 | D:3      | Reached XP level 7. HP: 61/61 MP: 6/6
  2919 | D:3      | Found an iron altar of Okawaru.
  2947 | D:3      | Found a faded altar of an unknown god.
  2956 | D:3      | Became a worshipper of Warmaster Okawaru
  3267 | D:3      | Found a deep blue altar of Sif Muna.
  3441 | D:4      | Found a sparkling altar of Nemelex Xobeh.
  3719 | D:4      | Reached skill level 7 in Axes
  4077 | D:4      | Reached XP level 8. HP: 70/70 MP: 7/7
  4080 | D:4      | Found Byly's General Store.
  4083 | D:4      | Bought a scroll of magic mapping for 49 gold pieces
  4387 | D:4      | Found a hazy altar of Hepliaklqana.
  4581 | D:5      | Entered Level 5 of the Dungeon
  4716 | D:5      | Reached * piety under Okawaru
  4957 | D:5      | Reached skill level 8 in Axes
  5451 | D:6      | Reached skill level 9 in Axes
  5518 | D:6      | Found a sacrificial altar of Ru.
  5564 | D:6      | Found a hide-covered altar of Uskayaw.
  5742 | D:6      | Found Afeg's Assorted Antiques.
  5749 | D:6      | Reached ** piety under Okawaru
  5765 | D:6      | Bought a scroll of identify for 46 gold pieces
  5977 | D:7      | Found a hide-covered altar of Uskayaw.
  6069 | D:7      | Reached XP level 9. HP: 79/79 MP: 8/8
  6411 | D:7      | Found a staircase to the Ecumenical Temple.
  6479 | D:7      | Found a sparkling altar of Nemelex Xobeh.
  6506 | D:7      | Found a stormy altar of Qazlal.
  6549 | D:7      | Found a glowing golden altar of the Shining One.
  6635 | D:7      | Reached skill level 10 in Axes
  6803 | D:8      | Noticed Maurice
  6803 | D:8      | Noticed a two-headed ogre
  6818 | D:8      | Killed a two-headed ogre
  7033 | D:8      | Reached *** piety under Okawaru
  7037 | D:8      | Reached skill level 11 in Axes
  7265 | D:8      | Found a blossoming altar of Fedhas.
  7358 | D:8      | Noticed Joseph
  7372 | D:8      | Killed Joseph
  7549 | D:8      | Reached XP level 10. HP: 77/91 MP: 7/9
  7655 | D:8      | Reached **** piety under Okawaru
  7659 | D:8      | Reached skill level 12 in Axes
  8062 | D:8      | Found an ancient bone altar of Kikubaaqudgha.
  8286 | D:9      | Found a white marble altar of Elyvilon.
  8286 | D:9      | Noticed a two-headed ogre
  8293 | D:9      | Killed a two-headed ogre
  8300 | D:9      | Reached skill level 10 in Fighting
  8375 | D:9      | Noticed Prince Ribbit
  8383 | D:9      | Killed Prince Ribbit
  8383 | D:9      | Reached skill level 10 in Shields
  8396 | D:9      | Reached skill level 13 in Axes
  8433 | D:9      | Noticed a two-headed ogre
  8444 | D:9      | Killed a two-headed ogre
  8444 | D:9      | Reached ***** piety under Okawaru
  8636 | D:9      | Found a burning altar of Makhleb.
  9003 | D:9      | Reached XP level 11. HP: 92/100 MP: 8/10
  9007 | D:9      | Received a gift from Okawaru
  9269 | D:9      | Reached skill level 1 in Short Blades
  9376 | D:9      | Found a bloodstained altar of Trog.
  9405 | D:10     | Entered Level 10 of the Dungeon
  9436 | D:10     | Found a staircase to the Orcish Mines.
  9960 | D:10     | Received a gift from Okawaru
  9960 | D:10     | Reached skill level 14 in Axes
 10034 | D:10     | Found a staircase to the Lair.
 10115 | D:10     | Paralysed by something for 2 turns
 10119 | D:10     | Killed Maurice
 10207 | D:10     | Got an iridescent quick blade
 10474 | Lair:1   | Entered Level 1 of the Lair of Beasts
 10501 | Lair:1   | Reached skill level 5 in Short Blades
 10673 | Lair:1   | Identified the +7 quick blade "Ogreslayer" {pain, Dex+5} (You found it on level 10 of the Dungeon)
 11364 | Lair:1   | Noticed Harold
 11384 | Lair:1   | Killed Harold
 11384 | Lair:1   | Received a gift from Okawaru
 11642 | Lair:2   | Noticed a four-headed hydra
 11650 | Lair:2   | Killed a four-headed hydra
 11650 | Lair:2   | Reached XP level 12. HP: 92/111 MP: 9/11
 11806 | Lair:2   | Found a staircase to the Snake Pit.
 12000 | Lair:2   | Reached ****** piety under Okawaru
 12056 | Lair:2   | Received a gift from Okawaru
 12149 | Lair:2   | Found a staircase to the Shoals.
 13215 | Lair:3   | Noticed an eight-headed hydra
 13227 | Lair:3   | Killed an eight-headed hydra
 13866 | Lair:4   | Reached skill level 15 in Axes
 13929 | Lair:4   | Noticed Nessos
 13956 | Lair:4   | Killed Nessos
 14383 | Lair:4   | Noticed an eight-headed hydra
 14392 | Lair:4   | Killed an eight-headed hydra
 14392 | Lair:4   | Received a gift from Okawaru
 15178 | Lair:4   | Noticed Josephine
 15192 | Lair:4   | Killed Josephine
 15212 | Lair:4   | Noticed Kirke
 15230 | Lair:4   | HP: 4/115 [harpy[Kirke] (3)]
 15233 | Lair:4   | Slain by a harpy

Vault maps used:
D:1:      dpeg_arrival_caged_fury
D:2:      lightli_temple_of_fire, uniq_natasha
D:3:      led_sif_book, overflow_temple_1_default, first_ration,
          chequers_ecumenical_altar_simple_redux, okawaru_metal_pillars_1_2
D:4:      kennysheep_mini_moat, serial_shops, kennysheep_mini,
          minmay_misc_feat_iff, nemelex_xobeh_ov_fountains_minmay
D:6:      lemuel_doored_altar, nicolae_ru_great_annihilating_truth,
          serial_shops, shop_fountains, mrwooster_statue_mirror
D:7:      lemuel_round_altar, old_standard_altar, lemuel_round_altar,
          temple_green, lemuel_statue_altar
D:8:      lemuel_mausoleum_altar_kikubaaqudgha, fedhas_altar_fruit_tree,
          grunt_livestock, uniq_joseph, uniq_maurice
D:9:      nicolae_overflow_crystal_walls, lemuel_round_altar, trog_book,
          uniq_prince_ribbit1
D:10:     due_lair_maze_entry_diamond
Lair:1:   uniq_harold
Lair:2:   minmay_shoals_entry_beasts, minmay_snake_entry_guardpost_small,
          serial_forest, infiniplex_forest_clump_small,
          infiniplex_forest_lined_corner, infiniplex_forest_lined_corner,
          infiniplex_forest_straight_4, infiniplex_forest_clump_long,
          infiniplex_forest_straight_5, grunt_megastairs_4
Lair:4:   nicolae_volcano_entry_s_turn, lemuel_fruit_tree, grunt_megastairs_5,
          uniq_nessos, uniq_kirke, uniq_josephine

Skill      XL: |  1  2  3  4  5  6  7  8  9 10 11 12 |
---------------+-------------------------------------+-----
Axes           | 3 4 5 6 7 9 11 13 14 15 | 15.5
Armour         | 4 5 6 |  6.0
Shields        | 4 5 6 7 9 10 11 13 | 13.1
Fighting       | 4 5 6 7 9 10 11 13 | 13.1
Short Blades   | 6 8 |  8.0

Action                   |  1- 3 |  4- 6 |  7- 9 | 10-12 || total
-------------------------+-------+-------+-------+-------++-------
Melee: War axe           |    83 |   105 |   362 |   199 ||   749
       Headbutt          |    11 |    12 |    65 |   206 ||   294
       Quick blade       |       |       |       |   541 ||   541
       Hand axe          |       |       |       |    71 ||    71
 Fire: Hunting sling     |       |       |    15 |       ||    15
Invok: Heroism           |       |       |       |     1 ||     1
       Finesse           |       |       |       |     1 ||     1
  Use: Potion            |       |     2 |     2 |     9 ||    13
       Scroll            |       |       |    21 |     5 ||    26
 Stab: Invisible         |       |       |     1 |       ||     1
       Paralysed         |       |       |     1 |       ||     1
       Sleeping          |       |       |     1 |     7 ||     8
  Eat: Chunk             |       |     6 |    19 |    27 ||    52
Armor: Scale mail        |    25 |    23 |    18 |       ||    66
       Plate armour      |       |       |   124 |       ||   124
       Ring mail         |       |       |    37 |   185 ||   222
Dodge: Dodged            |    26 |    27 |    72 |   162 ||   287
Block: Shield            |    42 |    60 |   194 |   307 ||   603

Table legend:
 A = Spawn XP
 B = Non-spawn XP
 C = Spawn XP percentage of total XP
 D = Spawn monster count
 E = Non-spawn monster count
 F = Spawn count percentage of total count
 G = Total turns spent on level
                    A         B        C        D         E        F      G
               +---------+---------+-------+---------+---------+-------+---------
         Total |       0 |   37106 |   0.0 |       0 |     357 |   0.0 | 15233
               +---------+---------+-------+---------+---------+-------+---------
           D:1 |       0 |     102 |   0.0 |       0 |      38 |   0.0 |  1153
           D:2 |       0 |     353 |   0.0 |       0 |      26 |   0.0 |  1252
           D:3 |       0 |     496 |   0.0 |       0 |      37 |   0.0 |  1083
           D:4 |       0 |     543 |   0.0 |       0 |      16 |   0.0 |  1093
           D:5 |       0 |     371 |   0.0 |       0 |      12 |   0.0 |   778
           D:6 |       0 |     689 |   0.0 |       0 |      18 |   0.0 |   567
           D:7 |       0 |     684 |   0.0 |       0 |      23 |   0.0 |   870
           D:8 |       0 |    4038 |   0.0 |       0 |      40 |   0.0 |  1396
           D:9 |       0 |    4791 |   0.0 |       0 |      38 |   0.0 |  1213
          D:10 |       0 |    4715 |   0.0 |       0 |      36 |   0.0 |  1069
        Lair:1 |       0 |    4935 |   0.0 |       0 |      21 |   0.0 |  1157
        Lair:2 |       0 |    5445 |   0.0 |       0 |      17 |   0.0 |  1435
        Lair:3 |       0 |    2167 |   0.0 |       0 |       8 |   0.0 |   779
        Lair:4 |       0 |    7777 |   0.0 |       0 |      27 |   0.0 |  1388
               +---------+---------+-------+---------+---------+-------+---------
